 Dungeon Crawl Stone Soup version 0.21.1-1-g345015f (webtiles) character file.

435 Mgcat the Digger (level 7, -7/46 HPs)
             Began as a Barachi Earth Elementalist on Mar 11, 2018.
             Mangled by an ogre
             ... wielding a +0 giant spiked club
              (26 damage)
             ... on level 4 of the Dungeon.
             The game lasted 00:05:45 (2566 turns).

Mgcat the Digger (Barachi Earth Elementalist)       Turns: 2566, Time: 00:05:45

Health: -7/46      AC:  4    Str: 10    XL:     7   Next: 0%
Magic:  10/14      EV: 12    Int: 17    God:
Gold:   133        SH:  0    Dex: 12    Spells: 11/15 levels left

rFire    . . .     SeeInvis .   i - +2 hand axe (chop)
rCold    . . .     Gourm    .   (no shield)
rNeg     + . .     Faith    .   c - +0 robe
rPois    .         Spirit   .   (no helmet)
rElec    .         Reflect  .   (no cloak)
rCorr    .         Harm     .   j - +0 pair of gloves
MR       .....                  g - +0 pair of boots
Stlth    ++........             (no amulet)
HPRegen  0.15/turn              l - ring of positive energy {rN+}
MPRegen  0.14/turn              (no ring)

@: slow
A: +LOS, swims, slowness 1, strong legs 1
a: Hop


You were on level 4 of the Dungeon.
You were not hungry.

You visited 1 branch of the dungeon, and saw 4 of its levels.

You collected 133 gold pieces.

Inventory:

Hand Weapons
 a - a +0 whip
   (You found it on level 1 of the Dungeon)
 i - a +2 hand axe of chopping (weapon)
   (You found it on level 1 of the Dungeon)
Missiles
 b - 69 stones (quivered)
Armour
 c - a +0 robe (worn)
 g - a +0 pair of boots (worn)
   (You found it on level 1 of the Dungeon)
 j - a +0 pair of gloves (worn)
   (You found it on level 1 of the Dungeon)
Jewellery
 l - a ring of positive energy (left hand) {rN+}
   (You found it on level 1 of the Dungeon)
Scrolls
 f - 4 scrolls of teleportation {unknown}
 h - 7 scrolls of identify {unknown}
 k - a scroll of enchant armour {unknown}
 m - a scroll of magic mapping {unknown}
 n - 2 scrolls of noise {unknown}
 r - a scroll of blinking {unknown}
Potions
 o - 3 potions of invisibility {unknown}
 p - 2 potions of curing {unknown}
 q - 2 potions of agility {unknown}
 s - a potion of lignification {unknown}
 t - a potion of degeneration {unknown}
Books
 e - a book of Geomancy
Comestibles
 d - 6 rations


   Skills:
 - Level 2.1 Dodging
 - Level 1.7 Stealth
 + Level 4.8 Spellcasting
 + Level 3.4 Conjurations
   Level 1.1 Transmutations
 + Level 5.2 Earth Magic


You had 11 spell levels left.
You knew the following spells:

 Your Spells              Type           Power        Failure   Level  Hunger
a - Sandblast             Erth           ###...       1%          1    None
b - Stone Arrow           Conj/Erth      ###...       8%          3    ###....


Dungeon Overview and Level Annotations

Branches:
Dungeon (4/15)
 Temple: D:4-7

Altars:
Makhleb
Uskayaw


Innate Abilities, Weirdness & Mutations

Shadows flee at your approach. (+LOS)
You can swim through water.
You cover ground slowly.
You can hop short distances.


Message History

You miscast Sandblast.
You are very lightly contaminated with residual magic.
You are showered with tiny particles of grit.
You hear the slow rusting of a very distant drain.
Mgcat's ghost hits you.
Casting: Sandblast
Confirm with . or Enter, or press ? or * to list all spells.
Aiming: Sandblast
Press: ? - help, Shift-Dir - straight line, f/p - Mgcat's ghost
Aim: Mgcat's ghost (severely damaged)
The blast of sand hits Mgcat's ghost.
Mgcat's ghost is almost destroyed.
b - 73 stones Mgcat's ghost hits you!
* * * LOW HITPOINT WARNING * * *
Casting: Sandblast
Confirm with . or Enter, or press ? or * to list all spells.
Aiming: Sandblast
Press: ? - help, Shift-Dir - straight line, f/p - Mgcat's ghost
Aim: Mgcat's ghost (almost destroyed)
The blast of sand hits Mgcat's ghost.
You destroy Mgcat's ghost!
Your Spellcasting skill increases to level 4!
Your Conjurations skill gained 2 levels and is now at level 3!
Your Earth Magic skill increases to level 5!
You have reached level 6!
Your experience leads to an increase in your attributes!
Increase (S)trength, (I)ntelligence, or (D)exterity?
You feel clever.
b - 72 stones You start resting.
Your magical contamination has completely faded away.
You start resting.
You hear the rusting of a very distant drain.
You start resting.
Magic restored.
You hear the rusting of a very distant drain.
You start resting.
You hear the brisk rusting of a very distant drain.
h - 7 scrolls labeled QIKHUI XUBEST (gained 1)
p - 2 green potions (gained 1)
A frilled lizard comes into view.
The frilled lizard hisses angrily.
You see here a short sword.
The frilled lizard bites you but does no damage.
You slash the frilled lizard!
You kill the frilled lizard!
A crimson imp comes into view.
The crimson imp shouts!
A worm comes into view.
You see here a grey potion.
The crimson imp blinks!
You hear the brisk rusting of a very distant drain.
The bullfrog zombie hits you. The bullfrog zombie barely misses you.
The bullfrog zombie closely misses you. The bullfrog zombie barely misses you.
The bullfrog zombie hits you. The bullfrog zombie barely misses you.
The bullfrog zombie hits you. x2
You see here a robe.
Casting: Sandblast
Confirm with . or Enter, or press ? or * to list all spells.
Aiming: Sandblast
Press: ? - help, Shift-Dir - straight line, f - bullfrog zombie
Aim: a bullfrog zombie The blast of sand hits the bullfrog zombie.
The bullfrog zombie is moderately damaged.
b - 71 stones The bullfrog zombie closely misses you.
You hit the bullfrog zombie.
The bullfrog zombie is heavily damaged.
The bullfrog zombie hits you but does no damage.
The bullfrog zombie hits you.
You slash the bullfrog zombie!
The bullfrog zombie is severely damaged.
The bullfrog zombie hits you. x2
You slash the bullfrog zombie!
The bullfrog zombie is almost destroyed.
The bullfrog zombie closely misses you.
Casting: Sandblast
Confirm with . or Enter, or press ? or * to list all spells.
Aiming: Sandblast
Press: ? - help, Shift-Dir - straight line, f/p - bullfrog zombie
Aim: a bullfrog zombie (almost destroyed)
The blast of sand hits the bullfrog zombie.
You destroy the bullfrog zombie!
You have reached level 7!
b - 70 stones
Casting: Sandblast
Confirm with . or Enter, or press ? or * to list all spells.
Aiming: Sandblast
Press: ? - help, Shift-Dir - straight line, f - ogre
Aim: an ogre, wielding a giant spiked club The blast of sand hits the ogre.
The ogre is moderately wounded.
b - 69 stones The ogre hits you with a giant spiked club!!
Ouch! That really hurt!
You die...

#........#
..#########........####
......................#
.######..#........##.#
###....##........##.###### ###
####......#######...........#
...#...........# ##.............
.....#....(....###..............
...............@O5..>...........
####.........##............)..
#...........##..........).... ##
#...........##...............
.####...........###..............
................#................
......########.w..###.........).#
.....## ....#########...######
.....# .w.........##...##


You could see an ogre, a worm and a crimson imp.

Vanquished Creatures
  The ghost of Mgcat the Martial Artist, a novice MfTm (D:4)
  A water moccasin skeleton (D:4)
  A bullfrog zombie (D:4)
  A hound (D:3)
  2 adders (D:2)
  An ooze (D:2)
  An orc (D:3)
  7 goblins
  5 hobgoblins
  4 jackals (D:2)
  7 bats
  7 frilled lizards
  A kobold (D:2)
  5 rats
44 creatures vanquished.

Notes
Turn   | Place    | Note
-------+----------+-------------------------------------------
     0 | D:1      | Mgcat the Barachi Earth Elementalist began the quest for the Orb.
     0 | D:1      | Reached XP level 1. HP: 13/13 MP: 3/3
   435 | D:1      | Reached XP level 2. HP: 13/19 MP: 3/5
  1057 | D:2      | Reached skill level 3 in Spellcasting
  1057 | D:2      | Reached XP level 3. HP: 19/24 MP: 2/7
  1248 | D:2      | Found a burning altar of Makhleb.
  1412 | D:2      | Reached XP level 4. HP: 29/30 MP: 9/9
  1440 | D:2      | Learned a level 3 spell: Stone Arrow
  1607 | D:3      | Reached skill level 4 in Earth Magic
  1866 | D:3      | Found a hide-covered altar of Uskayaw.
  2269 | D:4      | Noticed an ogre
  2331 | D:4      | Reached skill level 1 in Conjurations
  2331 | D:4      | Reached XP level 5. HP: 30/35 MP: 7/10
  2340 | D:4      | Noticed Mgcat's ghost (novice MfTm)
  2357 | D:4      | HP: 4/35 [Mgcat's ghost (8)]
  2358 | D:4      | Killed Mgcat's ghost
  2358 | D:4      | Reached skill level 4 in Spellcasting
  2358 | D:4      | Reached skill level 3 in Conjurations
  2358 | D:4      | Reached skill level 5 in Earth Magic
  2358 | D:4      | Reached XP level 6. HP: 5/41 MP: 0/13
  2565 | D:4      | Reached XP level 7. HP: 19/46 MP: 11/14
  2566 | D:4      | Mangled by an ogre

Skill      XL: |  1  2  3  4  5 |
---------------+----------------+-----
Spellcasting   | 3 4 |  4.8
Earth Magic    | 4 5 |  5.2
Conjurations   | 1 3 |  3.4
Dodging        | |  2.1
Stealth        | |  1.7
Transmutations | |  1.1

Action                   |  1- 3 |  4- 6 |  7- 9 || total
-------------------------+-------+-------+-------++-------
Melee: Hand axe          |    86 |    18 |       ||   104
       Whip              |     4 |       |       ||     4
 Cast: Sandblast         |    13 |    15 |     2 ||    30
 Stab: Sleeping          |     5 |       |       ||     5
  Eat: Chunk             |     2 |     2 |       ||     4
       Ration            |       |     1 |       ||     1
Armor: Robe              |    38 |     9 |       ||    47
Dodge: Dodged            |    75 |    21 |       ||    96

Vault maps used:
D:1:      nzn_arrival_crosshair
D:2:      lemuel_round_altar, first_ration
D:3:      eat_drink_and_be_merry_uskayaw, minmay_liquid_box
D:4:      gup_sewer_entry_pipe, uniq_robin

Table legend:
 A = Turns spent in this place as a percentage of turns spent in the entire game.
 B = Non-inter-level travel turns spent in this place as a percentage of non-inter-level travel turns spent in the entire game.
 C = Inter-level travel turns spent in this place as a percentage of turns spent in this place.
 D = Turns resting spent in this place as a percentage of non-inter-level travel turns spent in this place.
 E = Turns spent auto-exploring this place as a percentage of non-inter-level travel turns spent in this place.
 F = Non-inter-level travel turns spent in this place divided by the number of levels of this place that you've seen.
                   A       B       C       D       E      F
               +-------+-------+-------+-------+-------+----------------------
         Total | 100.0 | 100.0 |   4.1 |   7.8 |  73.4 | 615.2
       Dungeon | 100.0 | 100.0 |   4.1 |   7.8 |  73.4 | 615.2
               +-------+-------+-------+-------+-------+----------------------

Table legend:
 A = Kills in this place as a percentage of kills in entire the game.
 B = Kills by you in this place as a percentage of kills by you in the entire game.
 C = Kills by friends in this place as a percentage of kills by friends in the entire game.
 D = Other kills in this place as a percentage of other kills in the entire game.
 E = Experience gained in this place as a percentage of experience gained in the entire game.
 F = Experience gained in this place divided by the number of levels of this place that you have seen.
                   A       B       C       D       E      F
               +-------+-------+-------+-------+-------+----------------------
         Total | 100.0 | 100.0 |   N/A |   N/A | 100.0 | 155.5
       Dungeon | 100.0 | 100.0 |   N/A |   N/A | 100.0 | 155.5
               +-------+-------+-------+-------+-------+----------------------
